 Dungeon Crawl Stone Soup version 0.29.0-4-gdea44cf6ec (webtiles) character file.

Game seed: 10826579503265181592

116 qw the Chopper (level 5, -13/30 HPs)
             Began as a Tengu Warper on Aug 28, 2022.
             Mangled by an ogre
             ... wielding a +0 giant club
              (14 damage)
             ... on level 4 of the Dungeon.
             The game lasted 00:00:19 (3448 turns).

qw the Chopper (Tengu Warper)                       Turns: 3448, Time: 00:00:19

Health: -13/30     AC:  8    Str: 13    XL:     5   Next: 1%
Magic:  0/9        EV:  7    Int: 13    God:
Gold:   110        SH:  0    Dex: 14    Spells: 8/8 levels left

rFire   . . .      SeeInvis .   Y - +0 hand axe (freeze)
rCold   . . .      Faith    .   (no shield)
rNeg    . . .      Spirit   +   i - +0 chain mail
rPois   .          Reflect  .   (helmet restricted)
rElec   .          Harm     .   (no cloak)
rCorr   .          Rampage  .   (no gloves)
Will    .....                   (boots unavailable)
Stlth   ..........              d - amulet of guardian spirit
HPRegen 0.10/turn               (no ring)
MPRegen 0.11/turn               (no ring)

@: flying quickly and evasively, quick
A: beak, talons 3, nimble flight
a: no special abilities


You were on level 4 of the Dungeon.
You visited 1 branch of the dungeon, and saw 4 of its levels.

You collected 110 gold pieces.


Innate Abilities, Weirdness & Mutations

You have a beak for a mouth.
You have claws for feet.
Your magical nature lets you fly swiftly and evasively.


   Skills:
 - Level 2.0 Fighting
 + Level 5.5 Axes
 - Level 1.0 Throwing
 - Level 1.1 Armour
 - Level 2.1 Dodging
 - Level 2.0 Spellcasting
 - Level 2.4 Translocations


You had 8 spell levels left.
You didn't know any spells.
Your spell library contained the following spells:

 Spells                   Type           Power      Damage    Failure   Level
 Blink                    Tloc           14%        N/A       99%         2
 Gell's Gravitas          Tloc           7%         N/A       100%        3
 Lesser Beckoning         Tloc           7%         N/A       100%        3
 Teleport Other           Tloc           7%         N/A       100%        3
 Manifold Assault         Tloc           7%         N/A       100%        5

Inventory:

Hand Weapons
 f - a +0 flail
 Y - a +0 hand axe of freezing (weapon)
Armour
 i - a +0 chain mail (worn)
Jewellery
 d - an amulet of guardian spirit (around neck)
Scrolls
 g - 4 scrolls of identify
Potions
 h - 4 potions of curing

Dungeon Overview and Level Annotations

Branches:
Dungeon (4/15)
 Temple: D:4-7

Altars:


Message History

(D) Dungeon
Where to? (* - list waypoints, Enter - D:3, ? - help)
What level of the Dungeon? (default 1, ? - help)
You see here a ball python corpse.
There is an open door here.
There is a stone staircase leading down here.
You fly downwards.
There is a stone staircase leading up here.
Existing waypoints: (1) D:2 (2) D:3 Assign waypoint to what number? (0-9, D - delete waypoint) Waypoint 1 re-assigned from D:2 to D:4.
Found 5 stones.
Enter note:
Enter note:
Enter note: A ball python comes into view.
You hit the ball python but do no damage.
The ball python bites you but does no damage.
The ball python grabs you. The ball python constricts you.
You hit the ball python.
The ball python seems to slow down.
You freeze the ball python.
You kill the ball python!
An ogre comes into view. It is wielding a +0 giant club.
The ogre shouts!
You hit the ogre. You freeze the ogre.
The ogre is lightly wounded.
The ogre hits you with a +0 giant club!
You hit the ogre but do no damage. Your kick misses the ogre.
You peck the ogre.
The ogre is lightly wounded.
The ogre hits you with a +0 giant club!
You hit the ogre. You freeze the ogre. You claw the ogre.
The ogre is heavily wounded.
You hit the ogre but do no damage. Your kick misses the ogre.
The ogre is heavily wounded.
The ogre hits you with a +0 giant club!
You hit the ogre. You freeze the ogre.
The ogre is severely wounded.
The ogre hits you with a +0 giant club!
You die...

## ## .# #.. ....##
##.###....
....(#.#..
#........#
.......#.#########
#..#...#.#.......#
#.....O@.#.......#
##.#.###.........#
#.............#
.######........####
..................#
########.......##.#
#.......##.#
#........#.####
########.......


You could see an ogre.

Vanquished Creatures
  2 adders
  2 worms
  2 dart slugs (D:2)
  6 orcs
  8 bats
  9 endoplasms
  2 giant cockroaches
  5 goblins
  7 hobgoblins
  3 jackals (D:2)
  7 kobolds
  4 quokkas
  8 ball pythons
  7 frilled lizards
  7 rats
79 creatures vanquished.

Notes
Turn   | Place    | Note
-------+----------+-------------------------------------------
     0 | D:1      | qw the Tengu Warper began the quest for the Orb.
     0 | D:1      | Reached XP level 1. HP: 12/12 MP: 4/4
     0 | D:1      | 0 ||| qw: Version: 0.1-a-89-g26bdef1
     0 | D:1      | 0 ||| qw: Game counter: 1440
     0 | D:1      | 0 ||| qw: Always use a shield: true
     0 | D:1      | 0 ||| qw: God list: Okawaru
     0 | D:1      | 0 ||| qw: Allow faded altars: false
     0 | D:1      | 0 ||| qw: Do Orc after D:15 true
     0 | D:1      | 0 ||| qw: Do second Lair branch before Depths: true
     0 | D:1      | 0 ||| qw: Lair rune preference: random
     0 | D:1      | 0 ||| qw: Plans: Normal
     0 | D:1      | 0 ||| PLANNING D:1-11
   190 | D:1      | Reached XP level 2. HP: 17/17 MP: 6/6
   200 | D:1      | Reached skill level 3 in Axes
   228 | D:1      | 228 ||| Stepping ~*~*~tactically~*~*~ (stealth).
   232 | D:1      | 232 ||| Stepping ~*~*~tactically~*~*~ (stealth).
   235 | D:1      | 235 ||| Stepping ~*~*~tactically~*~*~ (stealth).
   441 | D:1      | 441 ||| Stepping ~*~*~tactically~*~*~ (stealth).
   443 | D:1      | 443 ||| Stepping ~*~*~tactically~*~*~ (stealth).
   452 | D:1      | 452 ||| Stepping ~*~*~tactically~*~*~ (stealth).
   453 | D:1      | 453 ||| Stepping ~*~*~tactically~*~*~ (stealth).
   465 | D:1      | Reached XP level 3. HP: 21/21 MP: 7/7
   465 | D:1      | 465 ||| Stepping ~*~*~tactically~*~*~ (stealth).
   813 | D:1      | Reached skill level 4 in Axes
   943 | D:1      | 943 ||| UPGRADING to +0 chain mail.
   953 | D:1      | 953 ||| DROPPING +0 leather armour.
   954 | D:1      | 954 ||| READING scroll labelled WEASTR ENOFEECOBBU.
   955 | D:1      | 955 ||| READING 3 scrolls labelled XUIGUP QOERCHEN.
   956 | D:1      | 956 ||| READING scroll labelled EQOITSOESCH.
   957 | D:1      | 957 ||| DRINKING 4 ruby potions.
   958 | D:1      | 958 ||| READING 2 scrolls of identify.
   958 | D:1      | 958 ||| IDENTIFYING emerald potion
   959 | D:1      | 959 ||| DROPPING scroll of blinking.
   960 | D:1      | 960 ||| DROPPING potion of invisibility.
  1282 | D:2      | Reached XP level 4. HP: 25/26 MP: 8/8
  1427 | D:2      | 1427 ||| Stepping ~*~*~tactically~*~*~ (hiding).
  1650 | D:2      | 1650 ||| Stepping ~*~*~tactically~*~*~ (hiding).
  1869 | D:2      | 1869 ||| Stepping ~*~*~tactically~*~*~ (hiding).
  1875 | D:2      | 1875 ||| Stepping ~*~*~tactically~*~*~ (stealth).
  1883 | D:2      | Reached skill level 5 in Axes
  1902 | D:2      | 1902 ||| DROPPING +0 whip.
  2071 | D:2      | 2071 ||| UPGRADING to amulet of guardian spirit.
  2076 | D:2      | 2076 ||| READING scroll labelled MUAZUHYOQO.
  2080 | D:2      | 2080 ||| READING scroll labelled HEAVVIC EDGHEC.
  2081 | D:2      | 2081 ||| READING scroll labelled GUBOKY QYRY.
  2082 | D:2      | 2082 ||| Stepping randomly (stuck).
  2083 | D:2      | 2083 ||| Stepping ~*~*~tactically~*~*~ (cloud).
  2089 | D:2      | HP: 6/26 [poisoned by you (poison gas)]
  2515 | D:3      | 2515 ||| Stepping ~*~*~tactically~*~*~ (stealth).
  2872 | D:3      | 2872 ||| Stepping ~*~*~tactically~*~*~ (stealth).
  3358 | D:3      | Gained mutation: Your magical nature lets you fly swiftly
                  | and evasively. [Tengu growth]
  3358 | D:3      | Reached XP level 5. HP: 30/30 MP: 9/9
  3372 | D:3      | 3372 ||| DROPPING +6 ring of intelligence.
  3438 | D:4      | Noticed an ogre
  3445 | D:4      | HP: 6/30 [ogre/+0 giant club (12)]
  3447 | D:4      | HP: 1/30 [ogre/+0 giant club (5)]
  3448 | D:4      | Mangled by an ogre

Levels and vault maps discovered:
D:1:      dpeg_arrival_stone_temple_mockup, layout_rooms
D:2:      layout_loops_ring
D:3:      layout_loops_corners
D:4:      layout_basic, temple_hall

Skill      XL: |  1  2  3  4 |
---------------+-------------+-----
Axes           | 3 4 5 |  5.5
Fighting       | |  2.0
Throwing       | |  1.0
Armour         | |  1.1
Dodging        | |  2.1
Spellcasting   | |  2.0
Translocations | |  2.4

Action                   |  1- 3 |  4- 6 || total
-------------------------+-------+-------++-------
Melee: Hand axe          |    86 |    80 ||   166
       Kick              |    18 |    24 ||    42
       Peck              |    10 |    12 ||    22
Throw: Boomerang         |     7 |     9 ||    16
  Use: Scroll            |     4 |     3 ||     7
       Potion            |     1 |       ||     1
Armor: Leather armour    |     8 |       ||     8
       Chain mail        |    19 |    48 ||    67
Dodge: Dodged            |    26 |    31 ||    57

Table legend:
 A = Non-vault XP
 B = Vault XP
 C = Vault XP percentage of total XP
 D = Non-vault monster count
 E = Vault monster count
 F = Vault count percentage of total count
                 A         B        C        D         E       F
            +---------+---------+-------+---------+---------+-------
      Total |     167 |       0 |   0.0 |      79 |       0 |   0.0
            +---------+---------+-------+---------+---------+-------
        D:1 |      46 |       0 |   0.0 |      28 |       0 |   0.0
        D:2 |      75 |       0 |   0.0 |      32 |       0 |   0.0
        D:3 |      44 |       0 |   0.0 |      18 |       0 |   0.0
        D:4 |       2 |       0 |   0.0 |       1 |       0 |   0.0
            +---------+---------+-------+---------+---------+-------
